 Dungeon Sprint DCSS version 0.27-a0-1301-g128193abf8 (webtiles) character file.

Game seed: 17881186331998143887

410 mhtbhm the Thaumaturge (level 6, -18/29 HPs)
             Began as a Spriggan Earth Elementalist on June 17, 2021.
             Was a Believer of Vehumet.
             Demolished by a two-headed ogre (33 damage)
             ... in the Dungeon (Sprint IX: "|||||||||||||||||||||||||||||").
             The game lasted 00:02:52 (1449 turns).

mhtbhm the Thaumaturge (SpEE)                       Turns: 1449, Time: 00:02:53

Health: -18/29     AC:  2    Str:  5    XL:     6   Next: 58%
Magic:  11/21      EV: 19    Int: 24    God:    Vehumet [**....]
Gold:   0          SH:  0    Dex: 15    Spells: 12/27 levels left

rFire    . . .     SeeInvis +   a - +2 rapier (distort)
rCold    . . .     Faith    .   (shield restricted)
rNeg     . . .     Spirit   .   b - +0 robe
rPois    .         Reflect  .   (helmet restricted)
rElec    .         Harm     .   (no cloak)
rCorr    .         Rampage  .   (gloves unavailable)
Will     +....     NoTele   +   (boots unavailable)
Stlth    +++.......             (no amulet)
HPRegen  0.09/turn              l - +3 ring of intelligence
MPRegen  0.17/turn              m - +3 ring of intelligence

@: very quick
A: very small, no large weapons, unfitting armour, see invisible, speed 3
a: Renounce Religion


You were in the Dungeon.
You worshipped Vehumet.
Vehumet was pleased with you.
You visited 1 branch

Inventory:

Hand Weapons
 a - a +2 rapier of distortion (weapon)
Missiles
 i - 3 stones
Armour
 b - a +0 robe (worn)
Jewellery
 l - a +3 ring of intelligence (left hand)
 m - a +3 ring of intelligence (right hand)
Wands
 k - a wand of iceblast (10)
Scrolls
 h - 2 scrolls of blinking
 j - 2 scrolls of amnesia
Potions
 c - 5 potions of curing
 d - 3 potions of heal wounds
 e - a potion of haste
 f - 3 potions of magic
 g - a potion of invisibility


   Skills:
 + Level 0.5 Fighting
 + Level 0.7 Short Blades
 + Level 5.4 Dodging
 + Level 4.9 Stealth
 + Level 11.0 Spellcasting
 + Level 0.2 Conjurations
 + Level 2.1 Transmutations
 + Level 9.4 Earth Magic


You had 12 spell levels left.
You knew the following spells:

 Your Spells              Type           Power      Damage    Failure   Level
a - Sandblast             Erth           100%       2d20      1%          1
b - Passwall              Tmut/Erth      34%        N/A       1%          2
c - Stone Arrow           Conj/Erth      72%        3d11      1%          3
d - Lee's Rapid Deconstr  Erth           27%        3d16*     2%          5
e - Petrify               Tmut/Erth      41%        N/A       4%          4

Your spell library contained the following spells:

 Spells                   Type           Power      Damage    Failure   Level
 Magic Dart               Conj           56%        1d5       4%          1


Dungeon Overview and Level Annotations

Branches:
Dungeon (1/1)

Altars:
Cheibriados
Dithmenos
Elyvilon
Fedhas
Gozag
Hepliaklqana
Kikubaaqudgha
Makhleb
Nemelex Xobeh
Okawaru
Qazlal
Ru
Sif Muna
Trog
Uskayaw
Vehumet
Wu Jian
Xom
Yredelemnul
Zin
The Shining One
Beogh
Jiyva
Lugonu


Innate Abilities, Weirdness & Mutations

You are very small and have problems with some larger weapons.
You are too small for most types of armour.
You have supernaturally acute eyesight. (SInv)
You cover ground extremely quickly. (Speed+++)


Message History

The blast of rock fragments hits the centaur warrior!!
The centaur warrior is moderately wounded.
Unknown command.
Unknown command.
Casting: Lee's Rapid Deconstruction (quite dangerous; 2% risk of failure)
Confirm with . or Enter, or press ? or * to list all spells.
The spell is quite dangerous to cast (2% risk of failure)!
Continue anyway?
Aiming: Lee's Rapid Deconstruction (quite dangerous; 2% risk of failure)
Press: ? - help, Dir - move target, f - centaur warrior, p - two-headed ogre Fragment what (e.g. wall or brittle monster)?: a centaur warrior, quivering arrows (moderately wounded)
An open door.
The stone door frame shatters!
The blast of rock fragments hits the centaur warrior!!
The centaur warrior is severely wounded.
The blast of rock fragments hits the two-headed ogre!!
The two-headed ogre is heavily wounded.
The two-headed ogre completely misses you.
The two-headed ogre hits you with a +0 giant club!
Unknown command.
Unknown command.
Unknown command.
Casting: Lee's Rapid Deconstruction (quite dangerous; 2% risk of failure)
Confirm with . or Enter, or press ? or * to list all spells.
The spell is quite dangerous to cast (2% risk of failure)!
Continue anyway?
Aiming: Lee's Rapid Deconstruction (quite dangerous; 2% risk of failure)
Press: ? - help, Dir - move target, f/p - centaur warrior Fragment what (e.g. wall or brittle monster)?: a centaur warrior, quivering arrows (severely wounded)
An open door.
The stone door frame shatters!
The blast of rock fragments hits the centaur warrior!
You kill the centaur warrior!
Vehumet accepts your kill.
You feel your power returning.
The blast of rock fragments hits the centaur warrior!!
The centaur warrior is heavily wounded.
The blast of rock fragments hits the two-headed ogre!
The two-headed ogre is almost dead.
The two-headed ogre hits you with a +0 giant club!!
Ouch! That really hurt!
You die...

▓.▓
▓O▓
▓o▓
▓u▓
▓.▓
▓c▓
▓)▓
▓O▓
▓@▓
▓.▓
▓.▓
▓.▓
▓.▓
▓'▓
▓.▓
▓.▓
▓[▓


You could see a purple ugly thing, a centaur warrior, 2 two-headed ogres and an
orc wizard.

Vanquished Creatures
  A centaur warrior (D)
  2 orc warriors (D)
  A necrophage (D)
  A howler monkey (D)
  A hound (D)
  An orc priest (D)
  An iguana (D)
  An adder zombie (D)
  A bat skeleton (D)
  An endoplasm (D)
  A goblin (D)
  A hobgoblin (D)
  A ball python skeleton (D)
  A bat (D)
  A jackal zombie (D)
  A rat (D)
17 creatures vanquished.

Notes
Turn   | Place    | Note
-------+----------+-------------------------------------------
     0 | D        | mhtbhm the Spriggan Earth Elementalist began the quest for
                  | the Orb.
     0 | D        | Reached XP level 1. HP: 9/9 MP: 5/5
     9 | D        | Reached skill level 3 in Spellcasting
   161 | D        | Noticed a necrophage
   161 | D        | Noticed a hound
   161 | D        | Noticed an iguana
   389 | D        | Killed an iguana
   390 | D        | Reached skill level 4 in Spellcasting
   390 | D        | Reached XP level 2. HP: 6/13 MP: 0/8
   390 | D        | Reached XP level 3. HP: 8/16 MP: 0/10
   594 | D        | Learned a level 2 spell: Passwall
   598 | D        | Learned a level 3 spell: Stone Arrow
   603 | D        | Reached skill level 5 in Spellcasting
   603 | D        | Reached skill level 5 in Earth Magic
   604 | D        | Reached XP level 4. HP: 21/21 MP: 4/12
   610 | D        | Killed a necrophage
   611 | D        | Reached skill level 7 in Spellcasting
   611 | D        | Reached XP level 5. HP: 24/24 MP: 1/16
   911 | D        | Learned a level 5 spell: Lee's Rapid Deconstruction
   916 | D        | Learned a level 4 spell: Petrify
   930 | D        | Found a snail-covered altar of Cheibriados.
   930 | D        | Found a shadowy altar of Dithmenos.
   930 | D        | Found a white marble altar of Elyvilon.
   930 | D        | Found a blossoming altar of Fedhas.
   930 | D        | Found an opulent altar of Gozag.
   931 | D        | Found a hazy altar of Hepliaklqana.
   932 | D        | Found a viscous altar of Jiyva.
   933 | D        | Found an ancient bone altar of Kikubaaqudgha.
   934 | D        | Found a corrupted altar of Lugonu.
   935 | D        | Found a burning altar of Makhleb.
   936 | D        | Found a sparkling altar of Nemelex Xobeh.
   937 | D        | Found an iron altar of Okawaru.
   938 | D        | Found a stormy altar of Qazlal.
   939 | D        | Found a sacrificial altar of Ru.
   940 | D        | Found a shimmering blue altar of Sif Muna.
   941 | D        | Found a bloodstained altar of Trog.
   942 | D        | Found a hide-covered altar of Uskayaw.
   943 | D        | Found a radiant altar of Vehumet.
   944 | D        | Found an ornate altar of the Wu Jian Council.
   945 | D        | Found a shimmering altar of Xom.
   946 | D        | Found a basalt altar of Yredelemnul.
   947 | D        | Found a glowing silver altar of Zin.
   948 | D        | Found a glowing golden altar of the Shining One.
   951 | D        | Became a worshipper of Vehumet
   990 | D        | Noticed an orc warrior
   990 | D        | Noticed an orc warrior
   996 | D        | Reached skill level 5 in Dodging
   996 | D        | Reached skill level 8 in Spellcasting
  1061 | D        | Killed an orc warrior
  1061 | D        | Reached * piety under Vehumet
  1061 | D        | Offered knowledge of Freeze by Vehumet.
  1062 | D        | Reached skill level 9 in Spellcasting
  1062 | D        | Reached XP level 6. HP: 28/28 MP: 1/19
  1076 | D        | Killed an orc warrior
  1077 | D        | Reached skill level 10 in Spellcasting
  1126 | D        | Reached skill level 11 in Spellcasting
  1368 | D        | Offered knowledge of Magic Dart by Vehumet.
  1368 | D        | Reached ** piety under Vehumet
  1445 | D        | Noticed a two-headed ogre
  1445 | D        | Noticed a purple ugly thing
  1445 | D        | Noticed a centaur warrior
  1445 | D        | Noticed a centaur warrior
  1445 | D        | Noticed a two-headed ogre
  1449 | D        | Killed a centaur warrior
  1449 | D        | Demolished by a two-headed ogre

Illustrated notes

Levels and vault maps discovered:
D:        linesprint [early_d, line_temple, items_1, d_10, items_2, lair_1,
          lair_end, items_3, orc_1, orc_end, items_4, d_15, swamp_1, shoals_1,
          snake_1, spider_1, d_20, vaults_1, items_5, swamp_end, shoals_end,
          snake_end, spider_end, vaults_end, d_27, items_6, zot_1, zot_end,
          crypt_end, forest_end, elf_end, slime_end, tomb_end, abyss_end,
          pan_hell_end]

Skill      XL: |  1  2  3  4  5  6 |
---------------+-------------------+-----
Earth Magic    | 4 5 7 8 9 |  9.4
Dodging        | 3 4 5 |  5.4
Spellcasting   | 4 5 7 9 11 | 11.0
Stealth        | 4 |  4.9
Transmutations | 2 |  2.1
Fighting       | |  0.5
Short Blades   | |  0.7
Conjurations   | |  0.2

Action                   |  1- 3 |  4- 6 || total
-------------------------+-------+-------++-------
Melee: Dagger            |     2 |       ||     2
       Rapier            |       |     1 ||     1
 Cast: Sandblast         |    19 |     8 ||    27
       Lee's Rapid Decon |       |     8 ||     8
       Stone Arrow       |       |     2 ||     2
  Use: Potion            |     2 |       ||     2
Armor: Robe              |     2 |       ||     2
Dodge: Dodged            |    11 |     4 ||    15

Table legend: (Time is in decaauts)
 A = Elapsed time spent in this place.
 B = Non-inter-level travel time spent in this place.
 C = Inter-level travel time spent in this place.
 D = Time resting spent in this place.
 E = Time spent auto-exploring this place.
 F = Levels seen in this place.
 G = Mean time per level.
                   A        B        C        D        E       F      G
               +--------+--------+--------+--------+--------+-----+--------+
         Total |   1372 |   1372 |      0 |   1131 |     66 |   1 | 1372.0 |
       Dungeon |   1372 |   1372 |      0 |   1131 |     66 |   1 | 1372.0 |
               +--------+--------+--------+--------+--------+-----+--------+

Top non-repeatable levels by time:
       D: 1372 daAuts
